[Event "EYCC Open-U12 2019"]
[Site "Bratislava"]
[Date "2019.08.03"]
[Round "2.2"]
[White "Uritsky, Yonathan"]
[Black "Han, Yichen"]
[Result "0-1"]
[ECO "C45"]
[WhiteElo "2040"]
[BlackElo "2217"]
[Annotator "NA"]
[PlyCount "104"]
[EventDate "2019.08.02"]
[EventType "swiss"]
[EventCountry "SVK"]
[SourceTitle "playchess.com"]
[Source "ChessBase"]
[SourceQuality "1"]
[TimeControl "40/5400+30:1800+30"]

1. e4 e5 2. Nf3 Nc6 3. d4 exd4 4. Nxd4 Bc5 5. Nxc6 Qf6 6. Qf3 bxc6 7. Nd2 Qxf3 8. gxf3 Ne7 9. Nb3 Bb6 10. a4 a5 11. Bd2 d5 12. Bc3 O-O 13. Bd4 Ng6 14. O-O-O Be6 15. Nc5 Bxc5 16. Bxc5 Rfe8 17. Rg1 f5 18. Bd3 Nh4 19. exf5 Bxf5 20. Bxf5 Nxf5 21. Rd3 Rad8 22. Rgd1 Re2 23. R3d2 Re5 24. c4 Nh4 25. f4 Re4 26. b3 Rb8 27. cxd5 Rxb3 28. Kc2 Rb8 29. Rd4 Re2+ 30. R4d2 Re4 31. Rd4 cxd5 32. Rxe4 dxe4 33. Rd7 Rc8 34. Re7 Nf5 35. Rxe4 Nd6 36. Rd4 Nb7 37. Rc4 Kf7 38. Bb6 c5 39. Kd3 Ke6 40. Re4+ Kd7 41. Re1 Ra8 42. Kc4 Kc6 43. Re6+ Nd6+ 44. Kc3 Ra6 45. Bd8 Kd7 46. Re7+ Kxd8 47. Rxg7 Rb6 48. Rxh7 Rb4 49. Rh5 Rxf4 50. Kd3 Rf3+ 51. Ke2 Rf5 52. Rh6 Kc7 0-1

[Event "EYCC Open-U12 2019"]
[Site "Bratislava"]
[Date "2019.08.03"]
[Round "2.3"]
[White "Strybuk, Artsiom I"]
[Black "Eliseev, Sergey"]
[Result "1-0"]
[ECO "E63"]
[WhiteElo "2193"]
[BlackElo "2053"]
[Annotator "NA"]
[PlyCount "139"]
[EventDate "2019.08.02"]
[EventType "swiss"]
[EventCountry "SVK"]
[SourceTitle "playchess.com"]
[Source "ChessBase"]
[SourceQuality "1"]
[TimeControl "40/5400+30:1800+30"]

1. d4 Nf6 2. c4 g6 3. g3 Bg7 4. Bg2 O-O 5. Nf3 d6 6. Nc3 Nc6 7. O-O a6 8. d5 Na5 9. Nd2 c5 10. Qc2 Bd7 11. b3 b5 12. Bb2 bxc4 13. bxc4 Rb8 14. e4 Ng4 15. Rab1 Bh6 16. Ba1 Bxd2 17. Qxd2 Rxb1 18. Nxb1 Qb6 19. Qc3 f6 20. Nd2 Qb4 21. a3 Qxc3 22. Bxc3 Nxc4 23. Nxc4 Bb5 24. Nd2 Bxf1 25. Bxf1 Ne5 26. a4 c4 27. Bxe5 fxe5 28. Bxc4 Ra8 29. f4 exf4 30. gxf4 Kf7 31. Kf2 Kf6 32. Ke3 g5 33. fxg5+ Kxg5 34. Nf3+ Kg4 35. Nd4 Kh3 36. Nc6 Re8 37. Bxa6 Kxh2 38. Be2 e5 39. a5 Rg8 40. a6 Rg3+ 41. Bf3 Rg1 42. Ne7 Ra1 43. Be2 Kg2 44. Nf5 Ra3+ 45. Bd3 h5 46. Nxd6 h4 47. Nf5 h3 48. Nh4+ Kg3 49. Nf3 Rb3 50. d6 Rxd3+ 51. Kxd3 Kxf3 52. a7 h2 53. a8=Q h1=Q 54. Qf8+ Kg2 55. Qg7+ Kf2 56. Qf6+ Kg2 57. Qg5+ Kf3 58. Qf5+ Kg2 59. d7 Qa1 60. Qg4+ Kf2 61. Qe2+ Kg3 62. d8=Q Qa3+ 63. Kd2 Qb2+ 64. Ke1 Qb4+ 65. Qdd2 Qb1+ 66. Qdd1 Qb4+ 67. Kf1 Qf8+ 68. Kg1 Qc5+ 69. Kh1 Kh4 70. Qg4# 1-0

[Event "EYCC Open-U12 2019"]
[Site "Bratislava"]
[Date "2019.08.03"]
[Round "2.4"]
[White "Culum, Sanjin"]
[Black "Kvaloy, Aksel Bu"]
[Result "0-1"]
[ECO "B06"]
[WhiteElo "1912"]
[BlackElo "2205"]
[Annotator "NA"]
[PlyCount "84"]
[EventDate "2019.08.02"]
[EventType "swiss"]
[EventCountry "SVK"]
[SourceTitle "playchess.com"]
[Source "ChessBase"]
[SourceQuality "1"]
[TimeControl "40/5400+30:1800+30"]

1. e4 g6 2. d4 Bg7 3. Nf3 d6 4. Nc3 a6 5. a4 Nf6 6. h3 O-O 7. Be2 Nc6 8. Be3 e5 9. O-O exd4 10. Nxd4 Re8 11. Nxc6 bxc6 12. Bf3 Bb7 13. Re1 c5 14. Bg5 h6 15. Bh4 Rb8 16. Rb1 Bc6 17. Qd2 Rb4 18. Bxf6 Qxf6 19. e5 dxe5 20. Bxc6 Qxc6 21. Qd5 Qxd5 22. Nxd5 Rxa4 23. Nxc7 Rc8 24. Nd5 Rb8 25. b3 Ra2 26. Re2 c4 27. b4 Rd8 28. Ne7+ Kf8 29. Nc6 Rd5 30. Na5 c3 31. Nc4 Rd4 32. Ne3 f5 33. b5 Rb2 34. Ra1 axb5 35. Nd1 Ra4 36. Rc1 e4 37. Nxb2 cxb2 38. Rb1 Bc3 39. Rxb2 Bxb2 40. c4 Ra1+ 41. Kh2 Be5+ 42. f4 exf3+ 0-1

[Event "EYCC Open-U12 2019"]
[Site "Bratislava"]
[Date "2019.08.03"]
[Round "2.5"]
[White "Petrovskiy, Vadim"]
[Black "Cnejev, Vladimir-Alexandru"]
[Result "1-0"]
[ECO "C51"]
[WhiteElo "2090"]
[BlackElo "1907"]
[Annotator "NA"]
[PlyCount "99"]
[EventDate "2019.08.02"]
[EventType "swiss"]
[EventCountry "SVK"]
[SourceTitle "playchess.com"]
[Source "ChessBase"]
[SourceQuality "1"]
[TimeControl "40/5400+30:1800+30"]

1. e4 e5 2. Nf3 Nc6 3. Bc4 Bc5 4. b4 Bb6 5. a4 a6 6. c3 Nf6 7. d3 d6 8. O-O O-O 9. Re1 Ne7 10. Bg5 Ng6 11. a5 Ba7 12. Nh4 Nxh4 13. Bxh4 h6 14. h3 Kh7 15. Nd2 g5 16. Bg3 Ne8 17. Nf1 f5 18. exf5 Bxf5 19. Ne3 Bg6 20. d4 e4 21. Be2 Ng7 22. Qb3 Rb8 23. Rad1 Qe8 24. c4 Qf7 25. Qc3 Qd7 26. b5 Bh5 27. Bg4 Bxg4 28. hxg4 Rbe8 29. Re2 axb5 30. cxb5 Qxb5 31. Rb2 Qa6 32. Qxc7 Bb8 33. Qxb7 Qxa5 34. Nf5 Rxf5 35. gxf5 Qxf5 36. Re1 h5 37. Rbe2 h4 38. Bh2 Qa5 39. Kf1 e3 40. Rxe3 Rxe3 41. Rxe3 Ba7 42. Qe4+ Kg8 43. Re1 Qa4 44. Qg6 Qb5+ 45. Kg1 Bxd4 46. Bxd6 g4 47. Rb1 Bb2 48. Ba3 g3 49. Rxb2 gxf2+ 50. Rxf2 1-0

[Event "EYCC Open-U12 2019"]
[Site "Bratislava"]
[Date "2019.08.03"]
[Round "2.6"]
[White "Labruyere, Roger"]
[Black "Ozkan, Taha"]
[Result "0-1"]
[ECO "D10"]
[WhiteElo "1897"]
[BlackElo "2140"]
[Annotator "NA"]
[PlyCount "60"]
[EventDate "2019.08.02"]
[EventType "swiss"]
[EventCountry "SVK"]
[SourceTitle "playchess.com"]
[Source "ChessBase"]
[SourceQuality "1"]
[TimeControl "40/5400+30:1800+30"]

1. d4 d5 2. c4 c6 3. Nc3 dxc4 4. e4 b5 5. a4 b4 6. Na2 Nf6 7. e5 Nd5 8. Bxc4 e6 9. Bd2 a5 10. Nf3 Be7 11. O-O Ba6 12. Qe2 Bxc4 13. Qxc4 Nb6 14. Qe2 Nxa4 15. Nc1 Nb6 16. Nb3 Qd5 17. Nc1 N8d7 18. Nd3 O-O 19. Rfc1 Rfc8 20. Be3 c5 21. Nf4 Qb7 22. dxc5 Bxc5 23. Ng5 h6 24. Nf3 Bxe3 25. Qxe3 Rxc1+ 26. Rxc1 Rc8 27. Rxc8+ Qxc8 28. g4 Qc2 29. g5 hxg5 30. Nxg5 Qd1+ 0-1

[Event "EYCC Open-U12 2019"]
[Site "Bratislava"]
[Date "2019.08.03"]
[Round "2.7"]
[White "Fiszer, Bartosz"]
[Black "Paseka, Matyas"]
[Result "1-0"]
[ECO "B96"]
[WhiteElo "2124"]
[BlackElo "1917"]
[Annotator "NA"]
[PlyCount "49"]
[EventDate "2019.08.02"]
[EventType "swiss"]
[EventCountry "SVK"]
[SourceTitle "playchess.com"]
[Source "ChessBase"]
[SourceQuality "1"]
[TimeControl "40/5400+30:1800+30"]

1. e4 c5 2. Nf3 d6 3. d4 cxd4 4. Nxd4 Nf6 5. Nc3 a6 6. Bg5 e6 7. f4 h6 8. Bh4 Nbd7 9. Qe2 Be7 10. O-O-O Qc7 11. Kb1 b5 12. e5 dxe5 13. fxe5 Qxe5 14. Qf3 Qb8 15. Nc6 Qb7 16. Be2 b4 17. Ne4 Nxe4 18. Qxe4 Nf6 19. Qe5 Qxc6 20. Bf3 Qc4 21. Bxa8 Qxh4 22. Bc6+ Bd7 23. Qb8+ Bd8 24. Qd6 Be7 25. Bxd7+ 1-0

[Event "EYCC Open-U12 2019"]
[Site "Bratislava"]
[Date "2019.08.03"]
[Round "2.8"]
[White "Stork, Christopher"]
[Black "Piliposyan, Robert"]
[Result "0-1"]
[ECO "B12"]
[WhiteElo "1905"]
[BlackElo "2156"]
[Annotator "NA"]
[PlyCount "84"]
[EventDate "2019.08.02"]
[EventType "swiss"]
[EventCountry "SVK"]
[SourceTitle "playchess.com"]
[Source "ChessBase"]
[SourceQuality "1"]
[TimeControl "40/5400+30:1800+30"]

1. e4 c6 2. d4 d5 3. e5 Bf5 4. h4 h5 5. Bd3 Bxd3 6. Qxd3 e6 7. Nf3 Qa5+ 8. Nbd2 Qa6 9. c4 Bb4 10. O-O Nh6 11. Rd1 Nf5 12. b3 Nd7 13. Bb2 Nb6 14. g3 Rd8 15. a3 Bxd2 16. Nxd2 dxc4 17. Nxc4 Qb5 18. Nxb6 Qxb6 19. Qc4 Rd5 20. Rd3 O-O 21. Rad1 Rfd8 22. Kf1 Qc7 23. Qc2 Qb6 24. Qc4 R8d7 25. Ke2 Qc7 26. R1d2 b5 27. Qc1 a5 28. b4 axb4 29. axb4 Qb6 30. Qc3 Ra7 31. Rc2 Ne7 32. Rd1 Rdd7 33. Ra1 Rxa1 34. Bxa1 Ra7 35. Bb2 Ra2 36. Kd3 Nd5 37. Qb3 Ra4 38. Bc3 Qa7 39. Rc1 Ra3 40. Qb1 Qa4 41. Kd2 Rb3 42. Qe4 Rxc3 0-1

[Event "EYCC Open-U12 2019"]
[Site "Bratislava"]
[Date "2019.08.03"]
[Round "2.9"]
[White "Kluehs, Gustaf"]
[Black "Navumenka, Mikhei"]
[Result "0-1"]
[ECO "A05"]
[WhiteElo "1811"]
[BlackElo "2196"]
[Annotator "NA"]
[PlyCount "54"]
[EventDate "2019.08.02"]
[EventType "swiss"]
[EventCountry "SVK"]
[SourceTitle "playchess.com"]
[Source "ChessBase"]
[SourceQuality "1"]
[TimeControl "40/5400+30:1800+30"]

1. Nf3 Nf6 2. g3 b6 3. Bg2 Bb7 4. O-O e6 5. c4 c5 6. b3 Be7 7. Bb2 O-O 8. d3 d5 9. Ne5 Qc7 10. e3 Rd8 11. Ng4 Nbd7 12. Nxf6+ Bxf6 13. Bxf6 Nxf6 14. Qc2 e5 15. Nd2 dxc4 16. dxc4 Bxg2 17. Kxg2 Qc6+ 18. Kg1 h5 19. f3 Rd6 20. Rad1 Rad8 21. e4 Qd7 22. Rf2 h4 23. Kg2 Nh5 24. f4 hxg3 25. hxg3 Qg4 26. Rf3 Nxf4+ 27. Kf1 Qh3+ 0-1

[Event "EYCC Open-U12 2019"]
[Site "Bratislava"]
[Date "2019.08.03"]
[Round "2.10"]
[White "Magold, Filip"]
[Black "Vergara Anton, Diego"]
[Result "0-1"]
[ECO "C11"]
[WhiteElo "1865"]
[BlackElo "2183"]
[Annotator "NA"]
[PlyCount "148"]
[EventDate "2019.08.02"]
[EventType "swiss"]
[EventCountry "SVK"]
[SourceTitle "playchess.com"]
[Source "ChessBase"]
[SourceQuality "1"]
[TimeControl "40/5400+30:1800+30"]

1. e4 e6 2. d4 d5 3. Nc3 Nf6 4. e5 Nfd7 5. f4 c5 6. Nf3 Qb6 7. a3 a6 8. Be3 Nc6 9. Be2 cxd4 10. Nxd4 Bc5 11. Na4 Qa5+ 12. c3 Bxd4 13. Bxd4 Nxd4 14. Qxd4 O-O 15. O-O Qc7 16. b4 b5 17. Nb2 f6 18. Bg4 Nb6 19. Rae1 f5 20. Be2 Bd7 21. Rc1 Rfc8 22. Bd1 Nc4 23. Nxc4 Qxc4 24. Qxc4 Rxc4 25. Bb3 Rc7 26. Rc2 a5 27. Kf2 Kf7 28. Ke3 h6 29. g3 Ke7 30. h4 Be8 31. Kd4 Kd8 32. Rg1 Bh5 33. Rf1 Kc8 34. Ra1 a4 35. Ba2 Kb7 36. Rac1 Kb6 37. Rf2 Rac8 38. Rd2 Bf3 39. Rf2 Be4 40. Rh2 Rg8 41. Rd1 g6 42. Rh3 g5 43. hxg5 hxg5 44. Rh6 Rc6 45. fxg5 Rxg5 46. Rh8 Rxg3 47. Rb8+ Ka6 48. Rd8 Rg2 49. Rd6 Kb6 50. Bb1 Bxb1 51. Rxb1 Rg4+ 52. Kd3 Rxd6 53. exd6 Kc6 54. d7 Kxd7 55. Rh1 Rg3+ 56. Kd2 d4 57. Rh7+ Kc6 58. cxd4 Rxa3 59. Re7 Kd5 60. Rb7 Kc4 61. Re7 Rd3+ 62. Kc2 Rxd4 63. Rxe6 Kxb4 64. Re5 Rf4 65. Kb2 Rf2+ 66. Kb1 Kc4 67. Re8 b4 68. Rc8+ Kb3 69. Rc1 Ka3 70. Ka1 b3 71. Rh1 Kb4 72. Rd1 a3 73. Kb1 a2+ 74. Ka1 Ka3 0-1

[Event "EYCC Open-U12 2019"]
[Site "Bratislava"]
[Date "2019.08.04"]
[Round "3.1"]
[White "Bakiev, Diyor"]
[Black "Samadov, Read"]
[Result "1/2-1/2"]
[ECO "C02"]
[WhiteElo "2121"]
[BlackElo "2230"]
[Annotator "NA"]
[PlyCount "81"]
[EventDate "2019.08.02"]
[EventType "swiss"]
[EventCountry "SVK"]
[SourceTitle "playchess.com"]
[Source "ChessBase"]
[SourceQuality "1"]
[TimeControl "40/5400+30:1800+30"]

1. e4 e6 2. d4 d5 3. e5 c5 4. c3 Nc6 5. Nf3 Bd7 6. Be2 Nge7 7. Na3 cxd4 8. cxd4 Nf5 9. Nc2 Qb6 10. O-O Rc8 11. Bd3 Nb4 12. Nxb4 Bxb4 13. Be3 Bb5 14. Bxb5+ Qxb5 15. Qb3 a6 16. a3 Be7 17. Qxb5+ axb5 18. Rfc1 Kd7 19. Bd2 Rc4 20. Rxc4 dxc4 21. g4 Nh4 22. Nxh4 Bxh4 23. Kg2 Be7 24. Kf3 Kc6 25. Bb4 Bd8 26. Rg1 Kd5 27. Ke3 g5 28. Rg3 f5 29. exf6 Bxf6 30. Bc3 h5 31. Rf3 Rh6 32. gxh5 g4 33. Rg3 Rxh5 34. Rxg4 Rxh2 35. Rg6 Rh6 36. Rg8 Rh8 37. Rg6 Rh6 38. Rg8 Rh8 39. Rg6 Rf8 40. f4 Be7 41. Rg7 1/2-1/2

[Event "EYCC Open-U12 2019"]
[Site "Bratislava"]
[Date "2019.08.04"]
[Round "3.2"]
[White "Han, Yichen"]
[Black "Tran, David"]
[Result "1/2-1/2"]
[ECO "A48"]
[WhiteElo "2217"]
[BlackElo "2112"]
[Annotator "NA"]
[PlyCount "73"]
[EventDate "2019.08.02"]
[EventType "swiss"]
[EventCountry "SVK"]
[SourceTitle "playchess.com"]
[Source "ChessBase"]
[SourceQuality "1"]
[TimeControl "40/5400+30:1800+30"]

1. d4 Nf6 2. Nf3 g6 3. Bg5 Bg7 4. Nbd2 d6 5. e4 c5 6. c3 O-O 7. dxc5 dxc5 8. Bc4 Nc6 9. O-O Qc7 10. Qe2 Rd8 11. Rad1 Na5 12. Bd3 Be6 13. b3 h6 14. Bh4 Nh5 15. Qe3 b6 16. e5 Nf4 17. Be4 Nd5 18. Bxd5 Rxd5 19. c4 Rd7 20. Nb1 Rad8 21. Nc3 Rxd1 22. Nxd1 Bg4 23. Bg3 Bxf3 24. gxf3 Qd7 25. Nc3 Nc6 26. Rd1 Nd4 27. Kg2 Kh7 28. Qe4 Qc8 29. Bf4 Qa8 30. Qxa8 Rxa8 31. Nb5 Nxb5 32. cxb5 g5 33. Bg3 a6 34. bxa6 Rxa6 35. Rd7 Bf8 36. a4 b5 37. axb5 1/2-1/2

[Event "EYCC Open-U12 2019"]
[Site "Bratislava"]
[Date "2019.08.04"]
[Round "3.3"]
[White "Tunsjo, Axel"]
[Black "Strybuk, Artsiom I"]
[Result "1/2-1/2"]
[ECO "C25"]
[WhiteElo "2039"]
[BlackElo "2193"]
[Annotator "NA"]
[PlyCount "34"]
[EventDate "2019.08.02"]
[EventType "swiss"]
[EventCountry "SVK"]
[SourceTitle "playchess.com"]
[Source "ChessBase"]
[SourceQuality "1"]
[TimeControl "40/5400+30:1800+30"]

1. e4 e5 2. Nc3 Bc5 3. Bc4 Nc6 4. d3 d6 5. Na4 Bb6 6. Nxb6 axb6 7. a3 Nf6 8. Ne2 Be6 9. Bxe6 fxe6 10. O-O O-O 11. f4 exf4 12. Bxf4 Qe8 13. Ng3 Qg6 14. Qd2 Rf7 15. Be3 Raf8 16. Rf2 Ng4 17. Rxf7 Rxf7 1/2-1/2

[Event "EYCC Open-U12 2019"]
[Site "Bratislava"]
[Date "2019.08.04"]
[Round "3.4"]
[White "Kvaloy, Aksel Bu"]
[Black "Ciric, Pavle"]
[Result "0-1"]
[ECO "C11"]
[WhiteElo "2205"]
[BlackElo "1987"]
[Annotator "NA"]
[PlyCount "60"]
[EventDate "2019.08.02"]
[EventType "swiss"]
[EventCountry "SVK"]
[SourceTitle "playchess.com"]
[Source "ChessBase"]
[SourceQuality "1"]
[TimeControl "40/5400+30:1800+30"]

1. e4 e6 2. Nf3 d5 3. Nc3 d4 4. Ne2 c5 5. c3 Nc6 6. cxd4 cxd4 7. Qa4 Bc5 8. b4 Bxb4 9. Nexd4 Qa5 10. Qxa5 Bxa5 11. Bb5 Bd7 12. Bxc6 bxc6 13. Ba3 f6 14. Nb3 Bb6 15. d4 Kf7 16. Nc5 Bxc5 17. Bxc5 Ne7 18. Ke2 Rhb8 19. Rhb1 Bc8 20. Rxb8 Rxb8 21. Bxa7 Ba6+ 22. Ke3 Rb2 23. Nd2 f5 24. Nb3 Re2+ 25. Kf3 fxe4+ 26. Kg4 Nf5 27. a4 Rxf2 28. Nc5 Be2+ 29. Kh3 h5 30. Nxe4 Bg4# 0-1

[Event "EYCC Open-U12 2019"]
[Site "Bratislava"]
[Date "2019.08.04"]
[Round "3.5"]
[White "Tobak, Mikhail"]
[Black "Petrovskiy, Vadim"]
[Result "0-1"]
[ECO "A00"]
[WhiteElo "1943"]
[BlackElo "2090"]
[Annotator "NA"]
[PlyCount "54"]
[EventDate "2019.08.02"]
[EventType "swiss"]
[EventCountry "SVK"]
[SourceTitle "playchess.com"]
[Source "ChessBase"]
[SourceQuality "1"]
[TimeControl "40/5400+30:1800+30"]

1. g3 d5 2. Bg2 Nc6 3. d3 e5 4. Nf3 Nf6 5. O-O h6 6. Nbd2 Be6 7. c3 Qd7 8. b4 a6 9. Nb3 b6 10. Nfd2 a5 11. b5 Nd8 12. a4 Bh3 13. c4 Bxg2 14. Kxg2 d4 15. Nf3 Bd6 16. e3 dxe3 17. fxe3 Nb7 18. d4 e4 19. Nfd2 h5 20. h3 Rh6 21. Ba3 Bxa3 22. Rxa3 h4 23. c5 hxg3 24. Rh1 Qe6 25. Qc2 Qf5 26. Nxe4 Nxe4 27. cxb6 Rf6 0-1

[Event "EYCC Open-U12 2019"]
[Site "Bratislava"]
[Date "2019.08.04"]
[Round "3.6"]
[White "Ozkan, Taha"]
[Black "Makkar, Rajat"]
[Result "0-1"]
[ECO "D45"]
[WhiteElo "2140"]
[BlackElo "2064"]
[Annotator "NA"]
[PlyCount "66"]
[EventDate "2019.08.02"]
[EventType "swiss"]
[EventCountry "SVK"]
[SourceTitle "playchess.com"]
[Source "ChessBase"]
[SourceQuality "1"]
[TimeControl "40/5400+30:1800+30"]

1. d4 d5 2. c4 c6 3. Nf3 Nf6 4. Nc3 e6 5. e3 Nbd7 6. Qc2 Bd6 7. b3 O-O 8. Be2 b6 9. Bb2 Bb7 10. O-O Qe7 11. Rac1 Rac8 12. Rfd1 Rfe8 13. Qb1 Bb8 14. Qa1 Ne4 15. cxd5 Nxc3 16. Bxc3 exd5 17. Qb1 Nf6 18. Qf5 Ne4 19. Be1 Rcd8 20. Qh5 Rd6 21. Qh4 Qf8 22. Ne5 Rh6 23. Qg4 Bc8 24. Qf3 f6 25. Nxc6 Bxh2+ 26. Kf1 Bc7 27. g3 Qf7 28. Bd3 Ng5 29. Qe2 Qe6 30. Qb2 Qg4 31. Kg1 Rh1+ 32. Kxh1 Qh3+ 33. Kg1 Nf3# 0-1

[Event "EYCC Open-U12 2019"]
[Site "Bratislava"]
[Date "2019.08.04"]
[Round "3.7"]
[White "Chyndygyr, Tamerlan"]
[Black "Fiszer, Bartosz"]
[Result "1/2-1/2"]
[ECO "E92"]
[WhiteElo "2018"]
[BlackElo "2124"]
[Annotator "NA"]
[PlyCount "42"]
[EventDate "2019.08.02"]
[EventType "swiss"]
[EventCountry "SVK"]
[SourceTitle "playchess.com"]
[Source "ChessBase"]
[SourceQuality "1"]
[TimeControl "40/5400+30:1800+30"]

1. d4 Nf6 2. c4 g6 3. Nc3 Bg7 4. e4 d6 5. Be2 O-O 6. Nf3 e5 7. Be3 Ng4 8. Bg5 f6 9. Bc1 exd4 10. Nxd4 f5 11. h3 Nh6 12. Bxh6 Bxh6 13. exf5 Bxf5 14. Nxf5 Rxf5 15. O-O Nc6 16. Bg4 Rf8 17. Qb3 Na5 18. Qa4 Nc6 19. Qb3 Na5 20. Qa4 Nc6 21. Qb3 Na5 1/2-1/2

[Event "EYCC Open-U12 2019"]
[Site "Bratislava"]
[Date "2019.08.04"]
[Round "3.8"]
[White "Piliposyan, Robert"]
[Black "Trost, Edvin"]
[Result "1-0"]
[ECO "D85"]
[WhiteElo "2156"]
[BlackElo "2069"]
[Annotator "NA"]
[PlyCount "115"]
[EventDate "2019.08.02"]
[EventType "swiss"]
[EventCountry "SVK"]
[SourceTitle "playchess.com"]
[Source "ChessBase"]
[SourceQuality "1"]
[TimeControl "40/5400+30:1800+30"]

1. d4 Nf6 2. c4 g6 3. Nc3 d5 4. cxd5 Nxd5 5. e4 Nxc3 6. bxc3 Bg7 7. Be3 O-O 8. Bc4 c5 9. Ne2 Nc6 10. O-O Na5 11. Bd3 cxd4 12. cxd4 Be6 13. d5 Bd7 14. Rc1 b6 15. Nd4 Rc8 16. Ba6 Rxc1 17. Qxc1 Bc8 18. Bb5 Bd7 19. Ba6 Bc8 20. Be2 Bd7 21. Qa3 Re8 22. f4 e5 23. dxe6 Bxe6 24. Nxe6 Rxe6 25. e5 Bf8 26. Qb2 Qd5 27. Bf3 Qd3 28. Qe2 Qxe2 29. Bxe2 Rc6 30. Rc1 Rxc1+ 31. Bxc1 Bc5+ 32. Kf1 Nc6 33. Bc4 Nd4 34. g4 Kf8 35. a4 Ke7 36. Kg2 Nc2 37. Kf3 Nd4+ 38. Ke4 Nc6 39. f5 f6 40. exf6+ Kxf6 41. g5+ Kg7 42. f6+ Kf8 43. h4 Nd8 44. Be2 Kf7 45. h5 Kf8 46. hxg6 hxg6 47. Kd5 Kf7 48. a5 a6 49. Bxa6 Bf2 50. Kd6 Kf8 51. Kd7 Nf7 52. Ba3+ Kg8 53. Bc4 bxa5 54. Ke8 Be3 55. Bxf7+ Kh7 56. Bg8+ Kh8 57. f7 Bc5 58. Bb2+ 1-0

[Event "EYCC Open-U12 2019"]
[Site "Bratislava"]
[Date "2019.08.04"]
[Round "3.9"]
[White "Navumenka, Mikhei"]
[Black "Pidluznij, Gleb"]
[Result "0-1"]
[ECO "A64"]
[WhiteElo "2196"]
[BlackElo "1947"]
[Annotator "NA"]
[PlyCount "72"]
[EventDate "2019.08.02"]
[EventType "swiss"]
[EventCountry "SVK"]
[SourceTitle "playchess.com"]
[Source "ChessBase"]
[SourceQuality "1"]
[TimeControl "40/5400+30:1800+30"]

1. d4 Nf6 2. c4 g6 3. g3 Bg7 4. Bg2 O-O 5. Nc3 c5 6. d5 d6 7. Nf3 e6 8. O-O exd5 9. cxd5 Re8 10. Nd2 Nbd7 11. a4 a6 12. Qb3 Rb8 13. Nc4 Ne5 14. Na3 Bd7 15. Bg5 h6 16. Bxf6 Bxf6 17. Ne4 Be7 18. f4 Ng4 19. a5 b5 20. Nc2 c4 21. Qf3 f5 22. Nd2 Bf6 23. Rfb1 Qc7 24. h3 Qc5+ 25. Kh1 Ne3 26. Nxe3 Rxe3 27. Qf2 Rbe8 28. Bf1 Qxd5+ 29. Nf3 Qc5 30. Ra2 Bc6 31. Kg2 d5 32. g4 d4 33. Ra3 Rxa3 34. bxa3 Re3 35. gxf5 Qxf5 36. Qg3 Qxb1 0-1

[Event "EYCC Open-U12 2019"]
[Site "Bratislava"]
[Date "2019.08.04"]
[Round "3.10"]
[White "Vergara Anton, Diego"]
[Black "Milanovic, Marko"]
[Result "1-0"]
[ECO "D02"]
[WhiteElo "2183"]
[BlackElo "1814"]
[Annotator "NA"]
[PlyCount "121"]
[EventDate "2019.08.02"]
[EventType "swiss"]
[EventCountry "SVK"]
[SourceTitle "playchess.com"]
[Source "ChessBase"]
[SourceQuality "1"]
[TimeControl "40/5400+30:1800+30"]

1. d4 d5 2. Nf3 Nf6 3. g3 e6 4. Bg2 b5 5. a4 b4 6. c4 bxc3 7. bxc3 Nbd7 8. O-O Be7 9. c4 c6 10. Bf4 O-O 11. Nbd2 Ba6 12. Re1 Nh5 13. cxd5 Nxf4 14. gxf4 cxd5 15. e3 Bd3 16. Ne5 Nxe5 17. fxe5 Rb8 18. Nf1 Bc4 19. e4 Bb4 20. Re3 Qa5 21. Rh3 Bxf1 22. Qh5 h6 23. Rxf1 Be7 24. exd5 exd5 25. Rg3 Qb6 26. Qg4 Qg6 27. Qxg6 fxg6 28. Bxd5+ Kh8 29. Bc6 g5 30. Rc3 Bb4 31. Rc2 Rf4 32. Rd1 Rd8 33. d5 Re4 34. Rb1 a5 35. e6 Rc8 36. Rbb2 Re1+ 37. Kg2 Kg8 38. Bd7 Rxc2 39. Rxc2 Kf8 40. Rc8+ Ke7 41. Bc6 Bd6 42. Ra8 Bb4 43. Ra7+ Kf6 44. Rf7+ Kg6 45. Be8 Re5 46. Rd7+ Kf6 47. Rf7+ Kg6 48. Bc6 Ba3 49. Ra7 Bb4 50. Rd7 Ba3 51. Bb5 Kf6 52. Rf7+ Kg6 53. Bd3+ Kh5 54. Rxg7 Bb4 55. Rd7 Re1 56. Bc4 Re4 57. Bb3 Kh4 58. Rh7 Kh5 59. Rh8 Re1 60. Rd8 Kg6 61. d6 1-0

[Event "EYCC Open-U12 2019"]
[Site "Bratislava"]
[Date "2019.08.04"]
[Round "3.11"]
[White "Tarhan, Adar"]
[Black "Celik, Hasan Huseyin"]
[Result "1-0"]
[ECO "C07"]
[WhiteElo "1972"]
[BlackElo "1903"]
[Annotator "NA"]
[PlyCount "97"]
[EventDate "2019.08.02"]
[EventType "swiss"]
[EventCountry "SVK"]
[SourceTitle "playchess.com"]
[Source "ChessBase"]
[SourceQuality "1"]
[TimeControl "40/5400+30:1800+30"]

1. e4 e6 2. d4 d5 3. Nd2 c5 4. Ngf3 Nf6 5. exd5 Nxd5 6. dxc5 Bxc5 7. Ne4 Be7 8. c4 Nf6 9. Qxd8+ Kxd8 10. Nc3 Nc6 11. Bf4 a6 12. O-O-O+ Ke8 13. g3 Ng4 14. Rd2 e5 15. Nd5 Rb8 16. Nxe7 Kxe7 17. Re2 Kf6 18. Bd2 Re8 19. h3 Nh6 20. Bg2 b5 21. g4 Nxg4 22. hxg4 Bxg4 23. Rhe1 Rbc8 24. Kb1 Bf5+ 25. Ka1 b4 26. Bg5+ Kg6 27. Bf4 Kf6 28. Nxe5 Nd4 29. b3 Nxe2 30. Rxe2 Rcd8 31. Kb2 Re7 32. Bg3 Rde8 33. f4 h6 34. Bc6 Rc8 35. Bd5 Be6 36. Bf3 g5 37. Nc6 Ree8 38. fxg5+ hxg5 39. Rf2 Kg7 40. Nxb4 f5 41. Be5+ Kg6 42. Bd6 Bxc4 43. bxc4 Rxc4 44. Kb3 Rec8 45. Bb7 Rc3+ 46. Kb2 R8c4 47. Bd5 Rc8 48. Be6 R8c6 49. Bxf5+ 1-0

[Event "EYCC Open-U12 2019"]
[Site "Bratislava"]
[Date "2019.08.04"]
[Round "3.12"]
[White "Macias Pino, Diego"]
[Black "Codreanu, Marius"]
[Result "1/2-1/2"]
[ECO "B12"]
[WhiteElo "2150"]
[BlackElo "1834"]
[Annotator "NA"]
[PlyCount "45"]
[EventDate "2019.08.02"]
[EventType "swiss"]
[EventCountry "SVK"]
[SourceTitle "playchess.com"]
[Source "ChessBase"]
[SourceQuality "1"]
[TimeControl "40/5400+30:1800+30"]

1. e4 c6 2. d4 d5 3. e5 Bf5 4. h4 h5 5. Bd3 Bxd3 6. Qxd3 e6 7. c4 Nd7 8. Nf3 Ne7 9. Bg5 Qb6 10. Nbd2 Nf5 11. O-O Be7 12. Bxe7 Nxe7 13. b4 O-O 14. Rfb1 Rfd8 15. b5 c5 16. cxd5 exd5 17. dxc5 Nxc5 18. Qe2 Ne6 19. g3 Nf5 20. Kg2 Rac8 21. Qd3 Nfd4 22. Nxd4 Qxd4 23. Qxd4 1/2-1/2

[Event "EYCC Open-U12 2019"]
[Site "Bratislava"]
[Date "2019.08.04"]
[Round "3.13"]
[White "Kuhn, Clement"]
[Black "Bat, Bilguun"]
[Result "0-1"]
[ECO "E15"]
[WhiteElo "1979"]
[BlackElo "2093"]
[Annotator "NA"]
[PlyCount "119"]
[EventDate "2019.08.02"]
[EventType "swiss"]
[EventCountry "SVK"]
[SourceTitle "playchess.com"]
[Source "ChessBase"]
[SourceQuality "1"]
[TimeControl "40/5400+30:1800+30"]

1. d4 Nf6 2. Nf3 e6 3. c4 b6 4. g3 Ba6 5. Qa4 c5 6. Bg2 Bb7 7. e3 h5 8. h4 Nc6 9. O-O Be7 10. Nc3 Na5 11. Ne5 Bxg2 12. Kxg2 Ng4 13. Nf3 O-O 14. d5 e5 15. e4 Nb7 16. Qc2 a6 17. Qe2 Nd6 18. Bd2 Qe8 19. b3 Bd8 20. Ne1 f5 21. f3 Nf6 22. Nd3 Bc7 23. Bg5 fxe4 24. fxe4 Ng4 25. Rxf8+ Qxf8 26. Rf1 Qe8 27. Nf2 Nxf2 28. Rxf2 b5 29. cxb5 Ba5 30. Na4 axb5 31. Nxc5 Bb6 32. Be3 Qg6 33. Qf3 Bxc5 34. Bxc5 Nxe4 35. Qd3 Qg4 36. Rc2 Nxg3 37. Qf3 Qg6 38. Rb2 Ne4+ 39. Kh2 Nxc5 40. d6 e4 41. Qc3 Qxd6+ 42. Kg1 Nd3 43. Rc2 Rf8 44. Rg2 Qc5+ 45. Qxc5 Nxc5 46. Rg5 Nd3 47. Rg3 Rf3 48. Rg2 e3 49. Re2 Nf4 50. Re1 e2 51. a4 Rxb3 52. axb5 Rxb5 53. Kh2 Rb3 54. Kg1 d5 55. Kh2 d4 56. Kg1 d3 57. Kh2 d2 58. Ra1 e1=Q 59. Ra8+ Kf7 60. Ra1 0-1